 Dungeon Crawl Stone Soup version 0.17-a0-1545-gc1bb672 (webtiles) character file.

26 Lathuz the Cudgeler (level 2, 25/26 HPs)
             Began as a Minotaur Berserker on July 18, 2015.
             Was a Follower of Trog.
             Quit the game on level 2 of the Dungeon.
             The game lasted 00:01:24 (685 turns).

Lathuz the Cudgeler (Minotaur Berserker)             Turns: 685, Time: 00:01:24

Health: 25/26      AC:  2    Str: 21    XL:     2   Next: 89%
Magic:  1/1        EV: 12    Int:  4    God:    Trog [*.....]
Gold:   57         SH:  0    Dex:  9    Spells: 0 memorised, 1 level left

rFire  . . .     SeeInvis .     a - +0 mace
rCold  + . .     Clarity  .     b - +0 animal skin
rNeg   . . .     SustAt   .     (no shield)
rPois  .         Gourm    .     (helmet restricted)
rElec  .         Spirit   .     (no cloak)
rCorr  +         Warding  .     (no gloves)
rMut   .         Stasis   .     (no boots)
MR     .....                    l - amulet of resist corrosion
Stlth  +.........               (no ring)
                                j - ring of protection from cold

@: not resistant to hostile enchantments, very unstealthy
A: retaliatory headbutt, horns 2
a: Burn Spellbooks, Berserk, Renounce Religion


You were on level 2 of the Dungeon.
You worshipped Trog.
Trog was aware of your devotion.
You were not hungry.

You visited 1 branch of the dungeon, and saw 2 of its levels.

You collected 57 gold pieces.

Inventory:

Hand weapons
 a - a +0 mace (weapon)
Armour
 b - a +0 animal skin (worn)
Jewellery
 j - a ring of protection from cold (left hand)
 l - an amulet of resist corrosion (around neck)
Scrolls
 e - 2 scrolls of identify {unknown}
 k - a scroll of enchant weapon {unknown}
 o - a scroll of remove curse {unknown}
 p - a scroll of enchant armour {unknown}
Potions
 f - a potion of agility {unknown}
 g - a potion of degeneration {unknown}
 h - a potion of curing {unknown}
 i - 2 potions of invisibility {unknown}
 m - a potion of heal wounds {unknown}
 n - a potion of lignification {unknown}
 q - a potion of flight {unknown}
Comestibles
 c - a bread ration
 d - 8 fruits


   Skills:
 - Level 3.6 Fighting
 + Level 5.0 Maces & Flails
 - Level 2.4 Armour
 - Level 2.1 Dodging


You had one spell level left.
You didn't know any spells.

Dungeon Overview and Level Annotations

Branches:
Dungeon (2/15)

Altars:
Okawaru


Innate Abilities, Weirdness & Mutations

You reflexively headbutt those who attack you in melee.
You have a pair of horns on your head.


Message History

q - a red potion No target in view!
No target in view!
No target in view!
A giant cockroach comes into view.
You see here a purple potion.
A giant cockroach is nearby!
The giant cockroach bites you.
You barely miss the giant cockroach. The giant cockroach barely misses you.
The giant cockroach closely misses you.
You hit the giant cockroach.
You kill the giant cockroach!
Trog accepts your kill.
No target in view!
No target in view!
Saving game... please wait.
Welcome back, Lathuz the Minotaur Berserker.
Trog says: Kill them all!
Press ? for a list of commands and other information.
Are you sure you want to abandon this character and quit the game? (Confirm with "yes".)

........ ........
.......# #.##.#####.
.....###..#.#..... ....
..#.#.#<.. #
###.####...#.##.# #.
##...!.##...#..#.. #..
#.......#.#.##.###
#...#.......#.#.##.#
#...†@.._..........#
......#.......#...#.....
..... #.......#...#.....
.... ##.....##.†.+.....
... ###.####.<.#..... ..
.... .....#+### .
.......$#.... ..
........##. ........ .#


There were no monsters in sight!

Vanquished Creatures
  A gnoll (D:1)
  2 ball pythons
  4 hobgoblins
  3 kobolds (D:1)
  A bat (D:1)
  A giant cockroach (D:2)
  2 goblins (D:1)
  3 rats (D:1)
17 creatures vanquished.

Notes
Turn   | Place    | Note
--------------------------------------------------------------
     0 | D:1      | Lathuz the Minotaur Berserker began the quest for the Orb.
     0 | D:1      | Reached XP level 1. HP: 19/19 MP: 0/0
   206 | D:1      | Reached skill level 4 in Maces & Flails
   223 | D:1      | Reached XP level 2. HP: 24/26 MP: 1/1
   570 | D:2      | Reached skill level 5 in Maces & Flails
   667 | D:2      | Found an iron altar of Okawaru.
   685 | D:2      | Quit the game

Vault maps used:
D:1:      minmay_arrival_wavy_path, wad_floor_pattern_untrapped
D:2:      old_standard_altar, nicolae_qazlal_style_of_elements, first_bread,
          uniq_natasha

Action                   || total
-------------------------++-------
Melee: Mace              ||    37
